 Dungeon Crawl Stone Soup version 0.30-a0-918-g0ff054e9dc (webtiles) character file.

Game seed: 1212756224305570244

141 jimonade the Cudgeller (level 5, -7/41 HPs)
             Began as a Human Fighter on Mar 20, 2023.
             Mangled by an ogre
             ... wielding a +0 giant club
              (23 damage)
             ... on level 3 of the Dungeon.
             The game lasted 00:03:50 (1779 turns).

jimonade the Cudgeller (Human Fighter)              Turns: 1779, Time: 00:03:51

Health: -7/41      AC: 12    Str: 16    XL:     5   Next: 48%
Magic:  5/5        EV:  6    Int: 10    God:
Gold:   61         SH:  4    Dex: 13    Spells: 4/4 levels left

rFire   . . .      SeeInvis .    a - +0 flail
rCold   . . .      Faith    .    c - +0 buckler
rNeg    . . .      Spirit   .    l - +0 chain mail
rPois   .          Reflect  .    i - +0 helmet
rElec   .          Rampage  .    (no cloak)
rCorr   .                        k - +0 pair of gloves
Will    .....                    h - +0 pair of boots Stlth
                                 (no amulet)
HPRegen 0.26/turn                (no ring)
MPRegen 0.09/turn                (no ring)

@: no status effects
A: no striking features
a: no special abilities


You were on level 3 of the Dungeon.
You visited 1 branch of the dungeon, and saw 3 of its levels.

You collected 61 gold pieces.

Inventory:

Hand Weapons
 a - a +0 flail (weapon)
Missiles
 g - 4 boomerangs (quivered)
Armour
 b - a +0 scale mail
 c - a +0 buckler (worn)
 h - a +0 pair of boots (worn)
 i - a +0 helmet (worn)
 k - a +0 pair of gloves (worn)
 l - a +0 chain mail (worn)
Magical Staves
 n - a staff of fire
Scrolls
 e - 4 scrolls of identify {unknown}
 f - 2 scrolls of fog {unknown}
 p - a scroll of immolation {unknown}
 q - a scroll of noise {unknown}
Potions
 d - a potion of might
 j - 2 potions of attraction {unknown}
 m - a potion of invisibility {unknown}
 o - a potion of brilliance {unknown}
 r - a potion of curing {unknown}
 s - a potion of ambrosia {unknown}


   Skills:
 + Level 3.4 Fighting
 * Level 4.2 Maces & Flails
 * Level 0.5 Throwing
 + Level 3.2 Armour
 + Level 1.0 Dodging
 + Level 3.2 Shields


You had 4 spell levels left.
You didn't know any spells.
Your spell library contained the following spells:

 Spells                   Type           Power      Damage    Failure   Level
 Necrotise                Necr           0%         1d4       100%        1
 Vampiric Draining        Necr           0%         2d6       100%        3
 Agony                    Necr           0%         N/A       100%        5


Dungeon Overview and Level Annotations

Branches:
Dungeon (3/15)

Altars:
Elyvilon

Annotations:
D:3 2 transporters


Message History

You barely miss the scorpion.
The scorpion is heavily wounded.
The scorpion stings you but does no damage.
You hit the scorpion.
The scorpion is severely wounded.
The scorpion stings you. You block the scorpion's attack.
You hit the scorpion.
The scorpion is severely wounded.
The scorpion stings you but does no damage.
You thump the scorpion!
You kill the scorpion!
Your Maces & Flails skill increases to level 4!
Your Dodging skill increases to level 1!
You have reached level 5!
An ogre comes into view. It is wielding a +0 giant club.
The ogre shouts!
You see here a grey potion.
s - a grey potion You see here a ball python corpse.
The iguana hisses menacingly.
You throw a boomerang.
The boomerang hits the ogre but does no damage.
You throw a boomerang. The boomerang hits the ogre.
The ogre is lightly wounded.
You throw a boomerang. The boomerang hits the ogre.
The ogre is moderately wounded.
You barely miss the ogre.
The ogre is moderately wounded.
The ogre hits you with a +0 giant club!!
Ouch! That really hurt!
You are too injured to fight recklessly!
You barely miss the ogre.
The ogre is moderately wounded.
The iguana hisses menacingly.
The ogre hits you but does no damage.
You barely miss the ogre.
The ogre is moderately wounded.
The ogre hits you with a +0 giant club!!
Ouch! That really hurt!
You die...

#####...........
##...†.©......###
#..#########..#
#.##8$$_|$8##.#
#.#..=!$}$..#.#
#.#lY#...#..#(##
#.#S#.....#.#..###
#O#o.......©#.....
#@#l#.....#.#...##
#.#..#.©.#).#.....
#.#.........#..###
#.##8.....8##..# #
#..#########...# #
##.....©.......# #
#####........##
##...##### #####


You could see a sky beast, an ogre, 2 iguanas, an adder and an orc.

Vanquished Creatures
  A scorpion (D:3)
  Jessica (D:2)
  An adder (D:2)
  3 dart slugs
  4 goblins
  5 hobgoblins (D:1)
  4 jackals (D:1)
  6 ball pythons
  5 bats
  2 frilled lizards
  6 kobolds
  3 rats
41 creatures vanquished.

Vanquished Creatures (others)
  A demonspawn (D:1)
  2 draconians (D:1)
  2 elves (D:1)
  A troll (D:1)
  A spriggan (D:1)
  A vampire (D:1)
  2 nagas (D:1)
  2 ogres (D:1)
  2 felids (D:1)
  A gnoll (D:1)
  7 tentacles (D:1)
22 creatures vanquished.

Grand Total: 63 creatures vanquished

Notes
Turn   | Place    | Note
-------+----------+-------------------------------------------
     0 | D:1      | jimonade the Human Fighter began the quest for the Orb.
     0 | D:1      | Reached XP level 1. HP: 18/18 MP: 1/1
     2 | D:1      | Killed a felid
     3 | D:1      | Noticed an ogre
     3 | D:1      | Noticed an ogre
     3 | D:1      | Noticed a spriggan
     3 | D:1      | Noticed an elf
     3 | D:1      | Noticed a draconian
     3 | D:1      | Noticed a vampire
     3 | D:1      | Noticed a draconian
     3 | D:1      | Noticed a kraken
     3 | D:1      | Noticed a troll
     3 | D:1      | Noticed a naga
     3 | D:1      | Noticed a demonspawn
     3 | D:1      | Noticed an elf
     3 | D:1      | Noticed a naga
     3 | D:1      | Noticed a felid
     5 | D:1      | Killed a vampire
     5 | D:1      | Killed an ogre
     6 | D:1      | Killed a spriggan
     6 | D:1      | Killed an ogre
     6 | D:1      | Killed a naga
     9 | D:1      | Killed an elf
    11 | D:1      | Killed a draconian
    12 | D:1      | Killed an elf
    13 | D:1      | Killed a draconian
    15 | D:1      | Killed a troll
    15 | D:1      | Killed a felid
    16 | D:1      | Killed a demonspawn
    17 | D:1      | Killed a naga
   107 | D:1      | Reached XP level 2. HP: 22/24 MP: 2/2
   399 | D:1      | Reached XP level 3. HP: 26/29 MP: 3/3
  1037 | D:2      | Noticed Jessica
  1063 | D:2      | Killed Jessica
  1064 | D:2      | Reached skill level 3 in Maces & Flails
  1064 | D:2      | Reached XP level 4. HP: 14/35 MP: 4/4
  1707 | D:3      | Found a transporter.
  1712 | D:3      | Found a transporter.
  1712 | D:3      | Found a white marble altar of Elyvilon.
  1712 | D:3      | Noticed a sky beast
  1745 | D:3      | Noticed a scorpion
  1758 | D:3      | Killed a scorpion
  1759 | D:3      | Reached skill level 4 in Maces & Flails
  1759 | D:3      | Reached skill level 1 in Dodging
  1759 | D:3      | Reached XP level 5. HP: 33/41 MP: 5/5
  1759 | D:3      | Noticed an ogre
  1779 | D:3      | Mangled by an ogre

Illustrated notes

Levels and vault maps discovered:
D:1:      nicolae_arrival_kraken_aquarium_b, layout_basic
D:2:      layout_rooms, uniq_jessica
D:3:      layout_basic, gammafunk_temple_overflow_arena, grunt_ministairs_15

Skill      XL: |  1  2  3  4 |
---------------+-------------+-----
Maces & Flails | 3 4 |  4.2
Dodging        | 1 |  1.0
Fighting       | |  3.4
Throwing       | |  0.5
Armour         | |  3.2
Shields        | |  3.2

Action                     |  1- 3 |  4- 6 || total
---------------------------+-------+-------++-------
  Melee: Flail             |   106 |    66 ||   172
  Throw: Boomerang         |       |     3 ||     3
 Armour: Scale mail        |    65 |    12 ||    77
         Chain mail        |       |    25 ||    25
  Dodge: Dodged            |    44 |    14 ||    58
  Block: Buckler           |    20 |    17 ||    37

Table legend: (Time is in decaauts)
 A = Elapsed time spent in this place.
 B = Non-inter-level travel time spent in this place.
 C = Inter-level travel time spent in this place.
 D = Time resting spent in this place.
 E = Time spent auto-exploring this place.
 F = Levels seen in this place.
 G = Mean time per level.
                   A        B        C        D        E       F      G
               +--------+--------+--------+--------+--------+-----+--------+
         Total |   1829 |   1671 |    158 |     97 |    903 |   3 |  609.7 |
       Dungeon |   1829 |   1671 |    158 |     97 |    903 |   3 |  609.7 |
               +--------+--------+--------+--------+--------+-----+--------+

Top non-repeatable levels by time:
     D:1: 985 daAuts
     D:2: 613 daAuts
     D:3: 229 daAuts
